 Dungeon Crawl Stone Soup version 0.21.1-1-g345015f (webtiles) character file.

160669 erloom the Slayer (level 17, 176/176 HPs)
             Began as a Hill Orc Fighter on Mar 7, 2018.
             Was the Champion of Beogh.
             Quit the game on level 2 of the Shoals on Mar 8, 2018.
             The game lasted 02:13:28 (32524 turns).

erloom the Slayer (Hill Orc Fighter)               Turns: 32524, Time: 02:13:29

Health: 176/176    AC: 26    Str: 21    XL:     17   Next: 47%
Magic:  33/33      EV:  7    Int: 13    God:    Beogh [******]
Gold:   3116       SH: 14    Dex: 16    Spells: 16/16 levels left

rFire    + . .     SeeInvis .   g - +1 war axe (holy)
rCold    + + .     Gourm    .   c - +0 shield
rNeg     . . .     Faith    .   K - +2 plate armour {rF+}
rPois    +         Spirit   +   e - +1 helmet
rElec    .         Reflect  .   a - scarf {Spirit}
rCorr    .         Harm     .   V - +2 pair of gloves
MR       ++...                  j - +0 pair of boots
Stlth    ..........             O - amulet "Xekheg" {Spirit rC++ MR+ Int+4}
HPRegen  0.39/turn              d - ring "Idugiane" {MP+9 Int-4 Dex+6}
MPRegen  0.23/turn              x - ring of poison resistance

@: no status effects
A: walk on water
}: 1/15 runes: serpentine
a: Smiting, Recall Orcish Followers, Give Item to Named Follower, Resurrection,
Renounce Religion


You were on level 2 of the Shoals.
You worshipped Beogh.
Beogh was exalted by your worship.
You were not hungry.

You visited 5 branches of the dungeon, and saw 29 of its levels.
You also visited: Labyrinth and Trove.

You collected 3116 gold pieces.

Inventory:

Hand Weapons
 g - a +1 war axe of holy wrath (weapon)
 o - the +4 hunting sling of the Median {venom, *Slow rElec Int+4, unknown}
   (You found it on level 6 of the Lair of Beasts)

   It poisons the ammo it fires.
   It affects your intelligence (+4).
   It insulates you from electricity.
   It may slow you when you take damage.
 z - the +3 morningstar of Dois {crush, Str+5}
   (You found it on level 2 of the Snake Pit)

   It inflicts extra damage upon your enemies.
   It affects your strength (+5).
Missiles
 I - 3 javelins
 Q - 48 tomahawks (quivered)
Armour
 a - a scarf of spirit shield (worn)
 c - a +0 shield (worn)
 e - a +1 helmet (worn)
 j - a +0 pair of boots (worn)
 K - a +2 plate armour of fire resistance (worn)
 V - a +2 pair of gloves (worn)
Jewellery
 d - the ring "Idugiane" (left hand) {MP+9 Int-4 Dex+6}
   (You found it in a treasure trove)

   [ring of magical power]

   It affects your intelligence (-4).
   It affects your dexterity (+6).
   It affects your magic capacity (+9).
 x - a ring of poison resistance (right hand)
 A - an uncursed ring of protection from fire
 D - an uncursed amulet of regeneration {unknown}
 O - the amulet "Xekheg" (around neck) {Spirit rC++ MR+ Int+4}
   (You took it off a minotaur in a labyrinth)

   [amulet of guardian spirit]

   It causes incoming damage to be split between your health and magic.
   It affects your intelligence (+4).
   It greatly protects you from cold.
   It affects your resistance to hostile enchantments.
 U - an uncursed amulet of faith {unknown}
Wands
 b - a wand of random effects (68)
 l - a wand of paralysis (20)
 q - a wand of digging (26)
 y - a wand of disintegration (19)
 B - a wand of acid (23)
 P - a wand of scattershot (4)
 W - a wand of flame (33)
Scrolls
 i - 4 scrolls of fog
 n - 10 scrolls of remove curse
 r - a scroll of silence
 w - 2 scrolls of holy word
 F - 2 scrolls of magic mapping
 G - a scroll of enchant armour
 H - 3 scrolls of fear
 J - 2 scrolls of identify
 N - a scroll of blinking
 Y - 10 scrolls of teleportation
Potions
 h - 15 potions of curing
 p - 2 potions of haste
 s - 5 potions of flight
 t - 6 potions of heal wounds
 u - 4 potions of lignification
 v - 3 potions of berserk rage
 E - 3 potions of resistance
 L - 5 potions of magic
 R - 7 potions of brilliance
 S - 2 potions of might
 T - 2 potions of agility
Miscellaneous
 k - a lamp of fire
 m - a crystal ball of energy
 C - a lightning rod (4/4)
Comestibles
 f - 48 rations
 M - 4 chunks of flesh


   Skills:
 * Level 22.2 Fighting
 - Level 16.0 Axes
 + Level 13.6 Armour
 + Level 13.6 Shields
 - Level 10.0 Invocations
 - Level 6.0 Evocations


You had 16 spell levels left.
You didn't know any spells.

Dungeon Overview and Level Annotations

Branches:
Dungeon (15/15)            Temple (0/1) D:7            Lair (6/6) D:9
 Shoals (2/4) Lair:2        Snake (4/4) Lair:2        Slime (0/5) Lair:5
    Orc (2/2) D:12            Elf (0/3) Orc:2        Vaults (0/5) D:13
 Depths (0/5) D:15

Altars:
Ashenzari
Cheibriados
Elyvilon
Fedhas
Hepliaklqana
Kikubaaqudgha
Makhleb
Nemelex Xobeh
Ru
Trog
Xom
The Shining One
Beogh
Jiyva

Shops:
Orc:2 *:([   Snake:3 }=}   Snake:4 (


Message History

Things that are here:
a halberd; a +3 plate armour
U - a runed lapis lazuli amulet
Found a scroll of remove curse.
Found 9 poisoned needles.
Found an escape hatch in the floor.
Found a short sword.
n - 10 scrolls of remove curse (gained 1)
Found a wand of flame (33).
W - a wand of flame (33) Some of the chunks of flesh in your inventory have rotted away.
You are feeling hungry.
Eat one of 5 chunks of flesh? (ye/n/q)
You eat one of the 5 chunks of flesh.
This raw flesh tastes terrible.
There is a stone staircase leading down here.
You climb downwards.
Found a scroll of remove curse, a robe and a scroll of teleportation.
There is a stone staircase leading up here.
Okay, then.
Are you sure you want to abandon this character and quit the game? (Confirm with "yes".)

≈≈ .?.# ≈≈≈
...# ≈≈..
##..##
≈≈..##....#
≈≈P.......##
≈≈≈......P.#
≈≈≈........#
P≈.....@?..#
...P..≈...≈.#
.P.≈.P........#
.....P.......[.
≈.........≈≈.≈≈
..P...##.≈≈≈..≈
....## ......≈
.... ##...≈≈


There were no monsters in sight!

Vanquished Creatures
  2 nagarajas (Snake:4)
  A minotaur (Lab)
  Erolcha (D:9)
  3 vault guards (D:13)
  Erica (D:10)
  3 anacondas
  3 centaur warriors
  5 two-headed ogres
  The ghost of Setanta the Nimble, a novice DrFE of Vehumet (D:8)
  5 death yaks (Lair:6)
  3 shock serpents
  5 naga sharpshooters
  A salamander mystic (Snake:4)
  A glowing orange brain (D:13)
  A harpy (Shoals:1)
  A deep elf mage (D:12)
  2 orc knights
  4 salamanders
  2 fauns (Shoals:1)
  10 ugly things
  3 manticores (Shoals:1)
  2 cyclopes
  A faun (shapeshifter) (D:15)
  2 guardian serpents
  3 naga magi
  10 black mambas
  4 elephants
  A guardian serpent (shapeshifter) (D:15)
  2 merfolk sirens (Shoals:1)
  Joseph (D:10)
  4 spiny frogs (Lair:2)
  A komodo dragon (Lair:5)
  A kobold demonologist (D:8)
  2 polar bears (Lair:5)
  A guardian mummy (D:10)
  5 trolls
  2 hornets
  3 meliai (D:13)
  5 merfolk (Shoals:1)
  Grinder (D:6)
  3 dream sheep
  2 blink frogs
  8 hippogriffs
  8 slime creatures
  Prince Ribbit (Lair:2)
  A hippogriff (shapeshifter) (D:15)
  2 wyverns
  A wraith (D:7)
  A water elemental (Shoals:1)
  A human (D:8)
  20 yaks
  Sigmund (D:2)
  The ghost of Vesto the Skirmisher, an amateur MiFi (D:3)
  A vampire (D:9)
  A steam dragon (D:8)
  2 basilisks (Lair:2)
  7 vampire mosquitoes
  16 nagas
  A warg (D:12)
  5 porcupines
  10 water moccasins
  5 ice beasts
  3 phantoms
  2 eyes of draining
  2 sky beasts
  A black bear (D:9)
  6 orc warriors
  3 boggarts (D:15)
  2 necrophages
  3 ogres
  16 wolves
  12 centaurs
  A crocodile (D:8)
  4 big kobolds
  A wyvern zombie (D:7)
  13 bullfrogs
  9 scorpions
  A troll zombie (D:7)
  27 killer bees
  6 wights
  A vampire bat (D:6)
  2 electric eels (Lair:4)
  8 crimson imps
  4 centaur zombies
  5 human zombies (D:7)
  2 quasits
  A hound (D:7)
  2 jellies
  A bullfrog skeleton (D:6)
  6 orc priests
  Crazy Yiuf (D:6)
  3 iron imps (D:8)
  A human skeleton (D:7)
  3 centaur skeletons
  4 iguanas
  17 orc wizards
  6 worker ants
  A killer bee zombie (D:8)
  2 hound zombies
  A hound skeleton (D:8)
  A mummy (D:7)
  A howler monkey zombie (D:6)
  2 worker ant zombies
  9 gnolls
  11 adders
  2 shadow imps
  An ooze (D:5)
  An adder skeleton (D:7)
  A dart slug (D:2)
  6 leopard geckos
  47 orcs
  11 bats
  6 giant cockroaches
  6 hobgoblins
  15 jackals
  5 quokkas
  2 ball pythons
  3 frilled lizards (D:1)
  3 goblins
  A jackal skeleton (D:5)
  18 kobolds
  2 leopard gecko skeletons
  A leopard gecko zombie (D:7)
  An orc zombie (D:7)
  A quokka skeleton (D:9)
  A quokka zombie (D:10)
  5 rats
  3 fungi
  6 plants
562 creatures vanquished.

Vanquished Creatures (collateral kills)
  Vashnia (Snake:3)
  Saint Roka (Snake:4)
  10 nagarajas
  2 orc warlords
  A fire dragon (D:11)
  A merfolk impaler (Shoals:1)
  11 naga warriors
  A vault guard (D:13)
  A catoblepas (Lair:6)
  9 hydras
  A centaur warrior (D:13)
  6 anacondas
  The ghost of Vesto the Carver, a novice MiFi of Okawaru (D:10)
  A deep troll shaman (Lair:6)
  An orc high priest (Orc:2)
  A tengu warrior (D:15)
  7 death yaks (Lair:6)
  18 naga sharpshooters
  6 shock serpents
  2 salamander mystics
  An unseen horror (D:15)
  A sea snake (Shoals:1)
  6 naga ritualists
  A harpy (shapeshifter) (D:15)
  A swamp dragon (Lair:3)
  2 harpies (Shoals:1)
  7 mana vipers
  A deep elf mage (D:13)
  8 ugly things
  6 orc knights
  A faun (Shoals:1)
  3 orc sorcerers
  10 salamanders
  4 slime creatures
  A cyclops (D:15)
  5 manticores
  2 merfolk sirens (Shoals:1)
  11 naga magi
  18 elephants
  26 black mambas
  7 guardian serpents
  4 spiny frogs
  A centaur zombie (D:15)
  A kobold demonologist (D:12)
  A centaur skeleton (D:14)
  A rime drake (Lair:5)
  A komodo dragon (Lair:2)
  2 tengu conjurers
  A queen bee (Lair:1)
  A polar bear (Lair:6)
  6 trolls
  A wind drake (Shoals:1)
  4 hornets
  3 merfolk (Shoals:1)
  3 blink frogs
  6 dream sheep
  6 hippogriffs
  A snapping turtle (Shoals:1)
  2 water elementals (Shoals:1)
  8 yaks
  A basilisk (Lair:1)
  6 wargs
  29 nagas
  4 water moccasins
  18 orc warriors
  An ice beast (D:10)
  A sky beast (D:15)
  An eye of draining (D:13)
  A phantom (D:12)
  4 ogres
  5 wolves
  5 centaurs
  5 crocodiles
  Blork the orc (Orc:2)
  4 bullfrogs
  2 killer bees (Lair:1)
  4 wights
  4 crimson imps
  A jelly (D:11)
  5 orc priests
  4 orc wizards
  An adder (D:12)
  20 orcs
  A kobold (D:9)
  A bush (Lair:6)
  8 fungi
  14 plants
408 creatures vanquished.

Vanquished Creatures (others)
  3 orc warlords (Snake:4)
  9 orc knights
  2 orc sorcerers
  2 black mambas
  A naga (Snake:4)
  12 orc warriors
  4 orc priests
  15 orc wizards
  44 orcs
  5 fungi
  3 plants
100 creatures vanquished.

Grand Total: 1070 creatures vanquished

Notes
Turn   | Place    | Note
-------+----------+-------------------------------------------
     0 | D:1      | erloom the Hill Orc Fighter began the quest for the Orb.
     0 | D:1      | Reached XP level 1. HP: 19/19 MP: 1/1
   123 | D:1      | Reached XP level 2. HP: 27/27 MP: 2/2
   125 | D:1      | Reached skill level 4 in Fighting
   759 | D:2      | Reached XP level 3. HP: 32/34 MP: 3/3
   923 | D:2      | Found a blossoming altar of Fedhas.
   981 | D:2      | Noticed Sigmund
   991 | D:2      | Killed Sigmund
   991 | D:2      | Reached skill level 5 in Fighting
   991 | D:2      | Reached skill level 5 in Axes
   991 | D:2      | Reached XP level 4. HP: 44/44 MP: 4/4
   991 | D:2      | Reached XP level 5. HP: 50/50 MP: 5/5
  1248 | D:2      | Reached skill level 6 in Fighting
  1272 | D:3      | Found a sacrificial altar of Ru.
  1327 | D:3      | Noticed Vesto's ghost (amateur MiFi)
  1396 | D:4      | Reached XP level 6. HP: 57/57 MP: 6/6
  1492 | D:3      | Found a sparkling altar of Nemelex Xobeh.
  1807 | D:4      | Found a glowing golden altar of the Shining One.
  2150 | D:4      | Found a shimmering altar of Xom.
  2310 | D:4      | Reached skill level 7 in Fighting
  2310 | D:4      | Reached XP level 7. HP: 66/66 MP: 7/7
  2735 | D:5      | Entered Level 5 of the Dungeon
  3066 | D:5      | Reached skill level 8 in Fighting
  3354 | D:5      | Got a translucent ring mail
  3380 | D:5      | Reached XP level 8. HP: 74/74 MP: 6/8
  4021 | D:3      | Killed Vesto's ghost
  4195 | D:6      | Reached skill level 9 in Fighting
  4225 | D:5      | Identified the +2 ring mail of Muttered Phrases {MP+9} (You found it on level 5 of the Dungeon)
  4354 | D:6      | Found a shimmering altar of Xom.
  4355 | D:6      | Found a hazy altar of Hepliaklqana.
  4356 | D:6      | Noticed a spectral ugly thing
  4398 | D:6      | Noticed Grinder
  4400 | D:6      | Paralysed by Grinder for 6 turns
  4411 | D:6      | Killed Grinder
  4434 | D:6      | Reached skill level 10 in Axes
  4767 | D:6      | Became a worshipper of Beogh the Brigand
  4915 | D:6      | Reached skill level 10 in Fighting
  4917 | D:6      | Reached XP level 9. HP: 83/85 MP: 9/9
  5032 | D:6      | Found a runed door.
  5036 | D:6      | Noticed Crazy Yiuf
  5043 | D:6      | Killed Crazy Yiuf
  5636 | D:7      | Found an ancient bone altar of Kikubaaqudgha.
  5683 | D:7      | Reached * piety under Beogh
  6063 | D:7      | Reached skill level 11 in Fighting
  6105 | D:7      | Found a staircase to the Ecumenical Temple.
  6198 | D:7      | Found a bloodstained altar of Trog.
  6433 | D:7      | Reached ** piety under Beogh
  6540 | D:7      | Found a snail-covered altar of Cheibriados.
  6732 | D:8      | Noticed a two-headed ogre
  6755 | D:8      | Killed a two-headed ogre
  6755 | D:8      | Reached skill level 12 in Fighting
  6755 | D:8      | Reached XP level 10. HP: 41/97 MP: 6/10
  7242 | D:8      | Noticed Setanta's ghost (novice DrFE)
  7276 | D:8      | Killed Setanta's ghost
  7546 | D:8      | Noticed a kobold demonologist
  7555 | D:8      | Killed a kobold demonologist
  7882 | D:8      | Reached skill level 13 in Fighting
  8191 | D:8      | Found a burning altar of Makhleb.
  8282 | D:9      | Noticed Erolcha
  8282 | D:9      | Paralysed by Erolcha for 6 turns
  8303 | D:9      | Killed Erolcha
  8517 | D:9      | Found a staircase to the Lair.
  8564 | D:9      | Reached *** piety under Beogh
  8564 | D:9      | Reached XP level 11. HP: 108/108 MP: 11/11
  8770 | D:9      | Found a glowing golden altar of the Shining One.
  8786 | D:9      | Noticed a two-headed ogre
  8795 | D:9      | Reached skill level 14 in Fighting
  8800 | D:9      | Killed a two-headed ogre
  8974 | D:9      | Noticed a two-headed ogre
  8984 | D:9      | Killed a two-headed ogre
  8984 | D:9      | Reached skill level 15 in Axes
  9356 | D:10     | Entered Level 10 of the Dungeon
  9424 | D:10     | Noticed Vesto's ghost (novice MiFi)
  9441 | D:10     | Killed Vesto's ghost
  9813 | D:10     | Noticed Erica
  9839 | D:10     | Killed Erica
 10073 | D:10     | Noticed Joseph
 10083 | D:10     | Killed Joseph
 10090 | D:10     | Found a portal to a secret trove of treasure.
 10128 | Trove    | Entered a treasure trove
 10154 | Trove    | Identified Sif Muna's Handbook of Creative Transformation
 10189 | Trove    | Got a slimy emerald amulet
 10191 | Trove    | Got a scorched platinum ring
 10234 | Trove    | Identified the amulet "Azauruw" {Regen+ Dex+10} (You found it in a treasure trove)
 10235 | Trove    | Identified the ring "Idugiane" {MP+9 Int-4 Dex+6} (You found it in a treasure trove)
 10444 | D:10     | Reached skill level 15 in Fighting
 10491 | D:10     | Reached skill level 1 in Invocations
 10806 | D:11     | Noticed a seven-headed hydra
 10809 | D:11     | Killed a seven-headed hydra
 10902 | D:11     | Found a burning altar of Makhleb.
 11078 | D:11     | Noticed a fire dragon
 11092 | D:11     | Killed a fire dragon
 11092 | D:11     | Reached XP level 12. HP: 89/121 MP: 14/14
 11242 | Lair:1   | Entered Level 1 of the Lair of Beasts
 11488 | D:12     | Noticed a two-headed ogre
 11496 | D:12     | Killed a two-headed ogre
 11502 | D:12     | Reached skill level 5 in Shields
 11509 | D:12     | Reached skill level 5 in Armour
 11586 | D:12     | Noticed a six-headed hydra
 11592 | D:12     | Killed a six-headed hydra
 11620 | D:12     | Found a staircase to the Orcish Mines.
 11713 | D:12     | Reached skill level 5 in Invocations
 11725 | D:12     | Noticed a four-headed hydra
 11731 | D:12     | Killed a four-headed hydra
 13127 | Lair:2   | Noticed Prince Ribbit
 13130 | Lair:2   | Killed Prince Ribbit
 13269 | Lair:2   | Gained Orkrul as an ally
 13274 | Lair:2   | Reached skill level 16 in Fighting
 13407 | Lair:2   | Reached **** piety under Beogh
 13418 | Lair:2   | Reached XP level 13. HP: 114/128 MP: 18/18
 13486 | Lair:2   | Found a staircase to the Snake Pit.
 13531 | Lair:2   | Found a staircase to the Shoals.
 15267 | Lair:3   | Your ally Orkrul died
 15456 | Orc:1    | Entered Level 1 of the Orcish Mines
 15466 | Orc:1    | Reached ***** piety under Beogh
 15468 | Orc:1    | Gained Brandogh as an ally
 15593 | Orc:1    | Noticed an orc warlord
 15596 | Orc:1    | Gained Syrus as an ally
 15599 | Orc:1    | Gained Harm as an ally
 15607 | Orc:1    | Killed an orc warlord
 16094 | Orc:2    | Entered Level 2 of the Orcish Mines
 16094 | Orc:2    | Found a staircase to the Elven Halls.
 16240 | Orc:2    | Noticed an orc warlord
 16268 | Orc:2    | Killed an orc warlord
 16268 | Orc:2    | Reached skill level 17 in Fighting
 16269 | Orc:2    | Your ally Syrus died
 16376 | Orc:2    | Noticed Blork the orc
 16381 | Orc:2    | Killed Blork the orc
 16514 | Orc:2    | Found a roughly hewn altar of Beogh.
 16520 | Orc:2    | Found Hebum's General Store.
 16522 | Orc:2    | Found Wobio's Book Emporium.
 16778 | Orc:2    | Found Diwepsy's Antique Armour Emporium.
 16824 | Orc:2    | Found Yjemem's Antique Weapon Emporium.
 18159 | Lair:5   | Found a staircase to the Slime Pits.
 18199 | Lair:5   | Reached XP level 14. HP: 131/140 MP: 21/21
 18361 | Lair:5   | Reached skill level 10 in Invocations
 18761 | Lair:6   | Entered Level 6 of the Lair of Beasts
 18772 | Lair:6   | Reached ****** piety under Beogh
 18772 | Lair:6   | Reached skill level 1 in Evocations
 18835 | Lair:6   | Reached skill level 18 in Fighting
 18900 | Lair:6   | Found a labyrinth entrance.
 18911 | Lab      | Entered a labyrinth
 19200 | Lab      | Got a coiled lead amulet
 19247 | Lab      | Identified the amulet "Xekheg" {Spirit rC++ MR+ Int+4} (You took it off a minotaur in a labyrinth)
 19667 | Lair:6   | Got an ichor-stained hunting sling
 19899 | Lair:6   | Reached skill level 10 in Shields
 19915 | Lair:6   | Reached skill level 10 in Armour
 19943 | Lair:6   | Identified the Handbook of Virous Aid
 20695 | D:13     | Found a transporter.
 20934 | D:13     | Found a viscous altar of Jiyva.
 20940 | D:13     | Found a transporter.
 21059 | D:13     | Got a pitted scale mail
 21079 | D:13     | Identified the +1 scale mail of Girphionya {MR+ Str+4 Dex+2} (You found it on level 13 of the Dungeon)
 21118 | D:13     | Gained Okrist as an ally
 21334 | D:13     | Found a gate to the Vaults.
 21372 | D:13     | Reached XP level 15. HP: 75/151 MP: 18/22
 21885 | D:14     | Found a white marble altar of Elyvilon.
 21925 | D:14     | Reached skill level 19 in Fighting
 22264 | D:14     | Reached skill level 5 in Evocations
 22707 | D:15     | Entered Level 15 of the Dungeon
 22830 | D:15     | Gained Marbork as an ally
 23529 | D:15     | Found a staircase to the Depths.
 24006 | Snake:1  | Entered Level 1 of the Snake Pit
 24197 | Snake:1  | Your ally Okrist died
 24370 | Snake:1  | Gained Bogwald as an ally
 24936 | Snake:1  | Gained Worak as an ally
 25336 | Snake:2  | Reached skill level 20 in Fighting
 25341 | Snake:2  | Gained Boruk as an ally
 25400 | Snake:2  | Your ally Marbork died
 25795 | Snake:2  | Reached XP level 16. HP: 90/162 MP: 23/23
 25874 | Snake:2  | Got a bloodstained morningstar
 25877 | Snake:2  | Identified the +3 morningstar of Dois {crush, Str+5} (You found it on level 2 of the Snake Pit)
 26546 | Snake:3  | Your ally Worak died
 27055 | Snake:3  | Found Dupyboec's Gadget Shoppe.
 27056 | Snake:3  | Found Timade's Jewellery Boutique.
 27057 | Snake:3  | Found Xaytappo's Gadget Shoppe.
 27487 | Snake:3  | Noticed Vashnia
 27500 | Snake:3  | Killed Vashnia
 27505 | Snake:3  | Gained Marbork as an ally
 27977 | Snake:3  | Noticed a nagaraja
 27984 | Snake:3  | Killed a nagaraja
 28679 | Snake:3  | Reached skill level 21 in Fighting
 28971 | Snake:4  | Entered Level 4 of the Snake Pit
 28988 | Snake:4  | Found Nebefouz's Antique Weapon Emporium.
 29347 | Snake:4  | Your ally Marbork died
 29348 | Snake:4  | Killed a nagaraja
 29398 | Snake:4  | Found a shattered altar of Ashenzari.
 29488 | Snake:4  | Your ally Boruk died
 29493 | Snake:4  | Noticed a nagaraja
 29501 | Snake:4  | Killed a nagaraja
 29609 | Snake:4  | Noticed a nagaraja
 29615 | Snake:4  | Killed a nagaraja
 29617 | Snake:4  | Noticed a nagaraja
 29617 | Snake:4  | Noticed a nagaraja
 29627 | Snake:4  | Your ally Brandogh died
 29630 | Snake:4  | Your ally Harm died
 29631 | Snake:4  | Killed a nagaraja
 29632 | Snake:4  | Killed a nagaraja
 29660 | Snake:4  | Noticed Saint Roka
 29666 | Snake:4  | Gained Orik as an ally
 29669 | Snake:4  | Your ally Orik died
 29673 | Snake:4  | Killed Saint Roka
 29986 | Snake:4  | Gained Okrist as an ally
 29986 | Snake:4  | Reached XP level 17. HP: 106/174 MP: 21/24
 30370 | Snake:4  | Gained Bogward as an ally
 30761 | Snake:4  | Your ally Bogward died
 30975 | Snake:4  | Got a serpentine rune of Zot
 31005 | Snake:4  | Reached skill level 22 in Fighting
 31703 | Shoals:1 | Entered Level 1 of the Shoals
 31727 | Shoals:1 | Gained Bogbrand as an ally
 32432 | Shoals:1 | Your ally Bogbrand died
 32524 | Shoals:2 | Quit the game

Skill      XL: |  1  2  3  4  5  6  7  8  9 10 11 12 13 14 15 16 17 |
---------------+----------------------------------------------------+-----
Axes           | 3 5 6 7 8 10 12 14 16 | 16.0
Fighting       | 4 5 6 7 8 10 12 13 15 16 17 18 20 21 22 | 22.2
Invocations    | 3 7 9 10 | 10.0
Armour         | 4 7 9 10 11 13 | 13.6
Shields        | 4 7 8 10 11 13 | 13.6
Evocations     | 4 6 |  6.0

Action                   |  1- 3 |  4- 6 |  7- 9 | 10-12 | 13-15 | 16-18 || total
-------------------------+-------+-------+-------+-------+-------+-------++-------
Melee: War axe           |    85 |   115 |   485 |   762 |  1108 |   652 ||  3207
Invok: Convert to Beogh  |       |       |     1 |       |       |       ||     1
       Smiting           |       |       |     1 |       |     1 |       ||     2
       Recall Orcish Fol |       |       |       |       |    11 |     9 ||    20
Evoke: Wand              |       |       |     9 |    16 |    19 |       ||    44
  Use: Potion            |     1 |       |     1 |     3 |     2 |       ||     7
       Scroll            |       |     3 |    10 |    10 |    12 |     3 ||    38
 Stab: Sleeping          |       |       |     5 |       |       |       ||     5
       Distracted        |       |       |       |     5 |    10 |     2 ||    17
       Paralysed         |       |       |       |     4 |       |       ||     4
       Petrified         |       |       |       |       |     4 |       ||     4
  Eat: Chunk             |       |     4 |    12 |    19 |    19 |    12 ||    66
       Ration            |       |       |     1 |     1 |     6 |     3 ||    11
Armor: Scale mail        |    45 |    44 |    78 |   195 |    89 |       ||   451
       Ring mail         |       |       |   120 |    33 |       |       ||   153
       Plate armour      |       |       |       |       |   491 |   316 ||   807
Dodge: Dodged            |    25 |    37 |   117 |   136 |   215 |   105 ||   635
Block: Shield            |    45 |    45 |   187 |   297 |   601 |   383 ||  1558
       Buckler           |       |     1 |       |       |       |       ||     1
